 Dungeon Crawl Stone Soup version 0.21.1-1-g345015f (webtiles) character file.

138 shakethe the Firebug (level 5, 0/28 HPs)
             Began as a Tengu Fire Elementalist on Feb 9, 2018.
             Killed from afar by shakethe's ghost (12 damage)
             ... with a flame tongue
             ... on level 3 of the Dungeon.
             The game lasted 00:07:28 (2333 turns).

shakethe the Firebug (Tengu Fire Elementalist)      Turns: 2333, Time: 00:07:29

Health: 0/28       AC:  2    Str:  9    XL:     5   Next: 21%
Magic:  5/10       EV: 12    Int: 16    God:
Gold:   76         SH:  0    Dex: 14    Spells: 8/9 levels left

rFire    . . .     SeeInvis .   k - +2 short sword (drain)
rCold    . . .     Gourm    .   (no shield)
rNeg     . . .     Faith    .   a - +0 robe
rPois    .         Spirit   .   (helmet restricted)
rElec    .         Reflect  .   (no cloak)
rCorr    +         Harm     .   (no gloves)
MR       .....                  (boots unavailable)
Stlth    +++.......             (no amulet)
HPRegen  0.09/turn              i - ring of stealth {Stlth+}
MPRegen  0.12/turn              u - ring of resist corrosion

@: no status effects
A: beak, talons 3, able to fly 1
a: Fly


You were on level 3 of the Dungeon.
You were hungry.

You visited 1 branch of the dungeon, and saw 3 of its levels.

You collected 76 gold pieces.

Inventory:

Hand Weapons
 e - a +0 hunting sling
   (You found it on level 1 of the Dungeon)
 h - a +0 dagger
   (You took it off a kobold on level 1 of the Dungeon)
 k - a +2 short sword of draining (weapon)
   (You took it off a kobold on level 1 of the Dungeon)
Armour
 a - a +0 robe (worn)
Jewellery
 i - a ring of stealth (left hand) {Stlth+}
   (You found it on level 1 of the Dungeon)
 u - a ring of resist corrosion (right hand)
   (You found it on level 3 of the Dungeon)
Wands
 v - a wand of polymorph (3)
   (You took it off Ijyb on level 3 of the Dungeon)
Scrolls
 g - 3 scrolls of identify {unknown}
 j - a scroll of enchant armour {unknown}
 m - a scroll of fear {unknown}
 p - a scroll of noise {unknown}
 q - a scroll of teleportation {unknown}
 r - a scroll of remove curse {unknown}
 t - a scroll of blinking {unknown}
Potions
 d - a potion of curing {unknown}
 f - a potion of magic {unknown}
 l - a potion of resistance {unknown}
 n - a potion of brilliance {unknown}
 s - 2 potions of haste {unknown}
Books
 b - a book of Flames
Comestibles
 c - 5 rations


   Skills:
 - Level 2.1 Dodging
 - Level 2.0 Stealth
 + Level 2.7 Spellcasting
 * Level 4.1 Conjurations
 * Level 4.7 Fire Magic


You had 8 spell levels left.
You knew the following spells:

 Your Spells              Type           Power        Failure   Level  Hunger
a - Flame Tongue          Conj/Fire      ###..        3%          1    #......


Dungeon Overview and Level Annotations

Branches:
Dungeon (3/15)

Altars:
Cheibriados

Annotations:
D:3 shakethe's ghost, amateur TeFE


Innate Abilities, Weirdness & Mutations

You have a beak for a mouth.
You have claws for feet.
You can fly.


Message History

You now have 3/8 mp.
Aim: Ijyb, wielding a dagger, wearing a scale mail and carrying a wand of polymorph (4) (moderately wounded)
The flame tongue hits Ijyb.
The crimson imp shouts!
You now have 2/8 mp.
Aim: Ijyb, wielding a dagger, wearing a scale mail and carrying a wand of polymorph (4) (moderately wounded)
The flame tongue hits Ijyb.
Ijyb closely misses you.
You now have 1/8 mp.
Aim: Ijyb, wielding a dagger, wearing a scale mail and carrying a wand of polymorph (4) (severely wounded)
The flame tongue misses Ijyb.
Ijyb zaps a wand.
You resist with some effort.
You now have 0/8 mp.
You closely miss Ijyb. Ijyb hits you with a dagger.
You take 4 damage, and have 20/24 hp.
You hit Ijyb but do no damage. You drain Ijyb! Ijyb closely misses you.
You hit Ijyb. You drain Ijyb!
You kill Ijyb!
The crimson imp closely misses you.
Things that are here:
a dagger; a scale mail; a wand of polymorph (3)
You can't see any susceptible monsters within range! (Use Z to cast anyway.)
The crimson imp picks up a beetle and eats it.
The crimson imp summons a swarm of flies.
You hit the crimson imp. You claw the crimson imp.
The crimson imp hits you but does no damage.
You hit the crimson imp.
You kill the crimson imp!
Your life force feels restored.
Your Conjurations skill increases to level 4!
You have reached level 5!
You have gained the ability to fly.
You regained 3 hp, and now have 24/28 hp.
v - a wand of polymorph (3)
Things that are here:
a dagger; a scale mail You start resting.
Health restored: 28; MP restored: 10
Things that are here:
a dagger; a scale mail
Found a stone staircase leading up.
Found a snail-covered altar of Cheibriados.
There is a snail-covered altar of Cheibriados here.
There is a snail-covered altar of Cheibriados here.
You now have 76 gold pieces (gained 3).
Found a stone staircase leading down.
There is a stone staircase leading down here.
All of the chunks of flesh in your inventory have rotted away.
There is an open door here.
Shakethe's ghost (amateur Tengu Fire Elementalist) comes into view.
It is wielding a weapon of flaming.
An orc comes into view. It is wielding a club.
Aim: an orc, wielding a club and wearing a robe (hasn't noticed you)
The flame tongue misses the orc.
The orc hits you but does no damage.
You now have 9/10 mp.
Aim: an orc, wielding a club and wearing a robe The flame tongue hits the orc.
You kill the orc!
You are feeling hungry.
You now have 8/10 mp.
There is an open door here.
Aim: shakethe's ghost, wielding a weapon of flaming The flame tongue hits shakethe's ghost.
Shakethe's ghost closely misses you.
You now have 8/10 mp.
Shakethe's ghost gestures at you while chanting.
The flame tongue misses you.
Shakethe's ghost screams, "I'll kill anyone who wants the ORB!"
Aim: shakethe's ghost, wielding a weapon of flaming (moderately damaged)
The flame tongue hits shakethe's ghost.
You now have 8/10 mp.
Shakethe's ghost points at you and mumbles some strange words.
The flame tongue misses you.
Aim: shakethe's ghost, wielding a weapon of flaming (heavily damaged)
The flame tongue hits shakethe's ghost.
You now have 7/10 mp.
Aim: shakethe's ghost, wielding a weapon of flaming (severely damaged)
The flame tongue hits shakethe's ghost.
Shakethe's ghost gestures at you while chanting.
The flame tongue hits you!
You take 8 damage, and have 20/28 hp.
MASSIVE DAMAGE!!
You now have 6/10 mp.
You hit shakethe's ghost but do no damage.
Your peck misses shakethe's ghost.
Shakethe's ghost wails, "I was like you once."
Shakethe's ghost hits you. Shakethe's ghost burns you.
You take 6 damage, and have 14/28 hp.
MASSIVE DAMAGE!!
You hit shakethe's ghost but do no damage.
Shakethe's ghost points at you and mumbles some strange words.
The flame tongue misses you.
You hit shakethe's ghost. Shakethe's ghost barely misses you.
Aim: shakethe's ghost, wielding a weapon of flaming (severely damaged)
The flame tongue hits shakethe's ghost.
Shakethe's ghost hits you. Shakethe's ghost burns you.
You take 2 damage, and have 12/28 hp.
Aim: shakethe's ghost, wielding a weapon of flaming (almost destroyed)
The flame tongue misses shakethe's ghost.
Shakethe's ghost casts a spell at you. The flame tongue hits you!
You die...

###########
#..>....#..
#.#####.#.#
#@# #.#.#
#W#####.#.#
#.........##
#####
#.#####....#
#....
#..........#
#.#.#
#.#####....#
#.#.#
###'###
#..#.# #.#.#
#.....#
#..#.# ###..
#.....#
#..#.#####.#


You could see shakethe's ghost.

Vanquished Creatures
  A crimson imp (D:3)
  Jessica (D:2)
  Ijyb (D:3)
  An ooze (D:2)
  3 dart slugs
  A leopard gecko (D:3)
  An orc (D:3)
  4 bats
  5 giant cockroaches
  5 goblins
  2 hobgoblins
  A ball python (D:1)
  2 frilled lizards (D:2)
  10 kobolds
  7 rats
45 creatures vanquished.

Notes
Turn   | Place    | Note
-------+----------+-------------------------------------------
     0 | D:1      | shakethe the Tengu Fire Elementalist began the quest for the Orb.
     0 | D:1      | Reached XP level 1. HP: 10/10 MP: 4/4
   379 | D:1      | Reached skill level 2 in Conjurations
   379 | D:1      | Reached XP level 2. HP: 15/15 MP: 1/6
   920 | D:1      | Reached XP level 3. HP: 19/19 MP: 3/7
  1418 | D:2      | Noticed Jessica
  1426 | D:2      | Killed Jessica
  1426 | D:2      | Reached skill level 3 in Conjurations
  1426 | D:2      | Reached skill level 4 in Fire Magic
  1517 | D:2      | Reached XP level 4. HP: 24/24 MP: 5/8
  1932 | D:3      | Noticed a centaur
  2061 | D:3      | Found a faded altar of an unknown god.
  2079 | D:3      | Noticed Ijyb
  2093 | D:3      | Killed Ijyb
  2100 | D:3      | Reached skill level 4 in Conjurations
  2100 | D:3      | Gained mutation: You can fly. [Tengu growth]
  2100 | D:3      | Reached XP level 5. HP: 24/28 MP: 2/10
  2189 | D:3      | Found a snail-covered altar of Cheibriados.
  2304 | D:3      | Noticed shakethe's ghost (amateur TeFE)
  2333 | D:3      | Killed from afar by shakethe's ghost

Skill      XL: |  1  2  3  4 |
---------------+-------------+-----
Conjurations   | 2 3 4 |  4.1
Fire Magic     | 4 |  4.7
Dodging        | |  2.1
Stealth        | |  2.0
Spellcasting   | |  2.7

Action                   |  1- 3 |  4- 6 || total
-------------------------+-------+-------++-------
Melee: Unarmed           |     3 |       ||     3
       Short sword       |     1 |     9 ||    10
       Kick              |       |     1 ||     1
 Cast: Flame Tongue      |    45 |    36 ||    81
  Eat: Chunk             |     3 |     2 ||     5
Armor: Robe              |     5 |     2 ||     7
Dodge: Dodged            |    11 |    15 ||    26

Vault maps used:
D:1:      dpeg_arrival_circle_labyrinth_c, minmay_misc_feat_pillars,
          minivault_14
D:2:      uniq_jessica
D:3:      lemuel_round_altar, trog_eyes_of_draining, lemuel_round_altar,
          nicolae_overflow_crystal_walls,
          chequers_ecumenical_altar_simple_redux,
          minmay_randomly_rotated_circles, uniq_crazy_yiuf_cottage, uniq_ijyb

Table legend:
 A = Turns spent in this place as a percentage of turns spent in the entire game.
 B = Non-inter-level travel turns spent in this place as a percentage of non-inter-level travel turns spent in the entire game.
 C = Inter-level travel turns spent in this place as a percentage of turns spent in this place.
 D = Turns resting spent in this place as a percentage of non-inter-level travel turns spent in this place.
 E = Turns spent auto-exploring this place as a percentage of non-inter-level travel turns spent in this place.
 F = Non-inter-level travel turns spent in this place divided by the number of levels of this place that you've seen.
                   A       B       C       D       E      F
               +-------+-------+-------+-------+-------+----------------------
         Total | 100.0 | 100.0 |   0.7 |  21.7 |  47.7 | 772.3
       Dungeon | 100.0 | 100.0 |   0.7 |  21.7 |  47.7 | 772.3
               +-------+-------+-------+-------+-------+----------------------

Table legend:
 A = Kills in this place as a percentage of kills in entire the game.
 B = Kills by you in this place as a percentage of kills by you in the entire game.
 C = Kills by friends in this place as a percentage of kills by friends in the entire game.
 D = Other kills in this place as a percentage of other kills in the entire game.
 E = Experience gained in this place as a percentage of experience gained in the entire game.
 F = Experience gained in this place divided by the number of levels of this place that you have seen.
                   A       B       C       D       E      F
               +-------+-------+-------+-------+-------+----------------------
         Total | 100.0 | 100.0 |   N/A |   N/A | 100.0 |  66.0
       Dungeon | 100.0 | 100.0 |   N/A |   N/A | 100.0 |  66.0
               +-------+-------+-------+-------+-------+----------------------
